 Dungeon Crawl Stone Soup version 0.29-a0-275-g389c0b56f3 (webtiles) character file.

Game seed: 6529160575988443339

42142 Dabor the Fighter (level 13, -4/115 (116) HPs)
             Began as a Palentonga Fighter on Mar 12, 2022.
             Was the Champion of Makhleb.
             Slain by an orc knight
             ... wielding a +3 halberd
              (14 damage)
             ... on level 2 of the Orcish Mines.
             The game lasted 00:50:24 (16195 turns).

Dabor the Fighter (Palentonga Fighter)             Turns: 16195, Time: 00:50:25

HP:   -4/115 (116)  AC: 37    Str: 28    XL:     13   Next: 83%
MP:   20/20         EV:  3    Int:  9    God:    Makhleb [******]
Gold: 1447          SH: 24    Dex: 16    Spells: 12/12 levels left

rFire   + . .      SeeInvis +   B - +8 war axe "Leppoz" {flame, rCorr Str+4}
rCold   . . .      Faith    +   J - +8 tower shield "Fadikio" {rPois}
rNeg    . . .      Spirit   .   p - +2 chain mail {rF+}
rPois   +          Reflect  .   (no helmet)
rElec   +          Harm     .   (no cloak)
rCorr   +          Rampage  .   A - +1 pair of gloves
Will    .....      Rage     1%  f - +6 lightning scales {swift, rElec}
Stlth   ..........              G - amulet of faith
HPRegen 0.29/turn               C - +4 ring of protection
MPRegen 0.17/turn               i - +6 ring of dexterity

@: on berserk cooldown, lightly drained, curled up, quick
A: large, rugged brown scales 3, see invisible, deformed body, roll 1, armoured
tail, reflexive curl, talons 1, berserk 1
a: Rolling Charge, Renounce Religion, Minor Destruction, Lesser Servant of
Makhleb, Major Destruction, Greater Servant of Makhleb


You were on level 2 of the Orcish Mines.
You worshipped Makhleb.
Makhleb was exalted by your worship.
You visited 2 branches of the dungeon, and saw 16 of its levels.

You collected 1812 gold pieces.
You spent 365 gold pieces at shops.

Inventory:

Hand Weapons
 B - the +8 war axe "Leppoz" (weapon) {flame, rCorr Str+4}
   (You took it off a wight on level 7 of the Dungeon)

   It burns those it strikes, dealing additional fire damage.
   Big, fiery blades are also staple armaments of hydra-hunters.
   Str:       It affects your strength (+4).
   rCorr:     It protects you from acid and corrosion.
 D - the +8 war axe "Deadext" {vorpal, rC+ rCorr}
   (You found it on level 11 of the Dungeon)

   It inflicts extra damage upon your enemies.
   rC:        It protects you from cold.
   rCorr:     It protects you from acid and corrosion.
Missiles
 U - a throwing net
Armour
 f - the +6 lightning scales (worn) {swift, rElec}
   (You acquired it on level 4 of the Dungeon)

   It allows the wearer to cover ground more swiftly.
   rElec:     It insulates you from electricity.
 p - a +2 chain mail of fire resistance (worn)
 A - a +1 pair of gloves (worn)
 J - the +8 tower shield "Fadikio" (worn) {rPois}
   (You bought it in a shop on level 10 of the Dungeon)

   rPois:     It protects you from poison.
Jewellery
 d - a ring of flight
 e - a +4 ring of evasion
 i - a +6 ring of dexterity (right hand)
 C - a +4 ring of protection (left hand)
 G - an amulet of faith (around neck)
 N - an amulet of the acrobat
 O - a +4 ring of slaying
 R - a ring of fire
Wands
 b - a wand of flame (28)
 c - a wand of paralysis (5)
 u - a wand of acid (15)
 F - a wand of digging (4)
 H - a wand of polymorph (13)
 L - a wand of mindburst (15)
Scrolls
 a - a scroll of magic mapping
 h - 2 scrolls of enchant armour
 j - 2 scrolls of blinking
 l - 2 scrolls of identify
 m - 2 scrolls of enchant weapon
 x - 2 scrolls of fog
 y - a scroll of silence
 E - 4 scrolls of teleportation
 M - 3 scrolls of fear {unknown}
 Q - a scroll of brand weapon
 S - a scroll of torment {unknown}
 T - a scroll of summoning
Potions
 g - 3 potions of mutation
 k - 2 potions of flight {unknown}
 n - 2 potions of lignification
 o - a potion of berserk rage {unknown}
 q - 2 potions of invisibility {unknown}
 r - 2 potions of attraction {unknown}
 s - 2 potions of heal wounds
 t - 6 potions of haste
 v - 4 potions of curing
 w - 2 potions of ambrosia {unknown}
 z - 2 potions of magic {unknown}
 I - a potion of cancellation
 K - a potion of degeneration {unknown}
Miscellaneous
 P - a piece from Xom's chessboard (15/15)


   Skills:
 * Level 12.5 Fighting
 * Level 12.3 Axes
 + Level 8.8 Armour
 - Level 1.3 Dodging
 + Level 8.7 Shields
 * Level 10.0 Invocations
 + Level 4.4 Evocations


You had 12 spell levels left.
You didn't know any spells.
Your spell library contained the following spells:

 Spells                   Type           Power      Damage    Failure   Level
 Animate Skeleton         Necr           0%         N/A       100%        1
 Apportation              Tloc           0%         N/A       100%        1
 Magic Dart               Conj           0%         1d3       100%        1
 Sandblast                Erth           0%         2d4       100%        1
 Shock                    Conj/Air       0%         1d3       100%        1
 Summon Small Mammal      Summ           0%         N/A       100%        1
 Passwall                 Tmut/Erth      0%         N/A       100%        2
 Poisonous Vapours        Pois/Air       0%         N/A       100%        2
 Searing Ray              Conj           0%         2d4       100%        2
 Static Discharge         Conj/Air       0%         N/A       100%        2
 Wereblood                Tmut           0%         N/A       100%        2
 Call Canine Familiar     Summ           0%         N/A       100%        3
 Ignite Poison            Fire/Tmut/Pois 0%         N/A       100%        3
 Mephitic Cloud           Conj/Pois/Air  0%         N/A       100%        3
 Portal Projectile        Hex/Tloc       0%         N/A       100%        3
 Stone Arrow              Conj/Erth      0%         3d7       100%        3
 Swiftness                Air            0%         N/A       100%        3
 Tukima's Dance           Hex            0%         N/A       100%        3
 Airstrike                Air            0%         N/A       100%        4
 Fulminant Prism          Conj/Hex       0%         3d6       100%        4
 Leda's Liquefaction      Hex/Erth       0%         N/A       100%        4
 Passage of Golubria      Tloc           0%         N/A       100%        4
 Freezing Cloud           Conj/Ice/Air   0%         6-21      100%        5
 Lightning Bolt           Conj/Air       0%         1d11      100%        5
 Yara's Violent Unravell  Hex/Tmut       0%         3d3       100%        5
 Conjure Ball Lightning   Conj/Air       0%         3x3d6     100%        6
 Discord                  Hex            0%         N/A       100%        8
 Disjunction              Tloc           0%         N/A       100%        8
 Maxwell's Capacitive Co  Air            0%         ∞         100%        8


Dungeon Overview and Level Annotations

Branches:
Dungeon (14/15)            Temple (0/1) D:5            Lair (0/6) D:9
    Orc (2/2) D:10            Elf (0/3) Orc:2        Vaults (0/5) D:14

Altars:
Cheibriados
Dithmenos
Gozag
Makhleb
Nemelex Xobeh
Okawaru
Ru
Vehumet
Wu Jian
The Shining One
Beogh

Shops:
D:5 (*!(([*   D:10 [   D:13 [   Orc:2 !?*

Annotations:
Orc:2 3 runed translucent doors, exclusion: obsidian statue, P0WERM0DE's ghost, journeyman DDCK


Innate Abilities, Weirdness & Mutations

You are completely covered in rugged brown scales. (AC +3, +7% HP)
You have supernaturally acute eyesight. (SInv)
Armour fits poorly on your strangely shaped body.
You can roll at nearby foes to attack.
You have a long armoured tail.
You curl defensively after being hit. (AC +7*)
You have sharp toenails.
You tend to lose your temper in combat.


Message History

Press: ? - help, Shift-Dir - straight line, f - orc knight
Aim: an orc knight, wielding a +3 halberd and wearing a +0 plate armour You hear a mighty clap of thunder!
The bolt of lightning hits the orc knight but does no damage.
You hear a shout!
You hear a roar!
You hear a shout! x11
You block the orc knight's attack.
Aiming: Major Destruction (1% risk of failure)
Press: ? - help, Shift-Dir - straight line, f/p - orc knight
Aim: an orc knight, wielding a +3 halberd and wearing a +0 plate armour The bolt of acid hits the orc knight!
The acid corrodes the orc knight!
The orc knight is lightly wounded.
You block the orc knight's attack.
Aiming: Major Destruction (1% risk of failure)
Press: ? - help, Shift-Dir - straight line, f - orc warrior, p - orc knight
Aim: an orc warrior, wielding a +0 trident and wearing a +10 plate armour of ponderousness The bolt of fire hits the orc knight!
The orc knight is heavily wounded.
The bolt of fire hits the orc warrior!
The orc warrior is heavily wounded.
The orc knight roars a battlecry!
The orc priest goes into a battle-frenzy!
Aiming: Major Destruction (1% risk of failure)
Press: ? - help, Shift-Dir - straight line, f - orc priest
Aim: an orc priest, wielding a +0 war axe (strong)
You hear a mighty clap of thunder!
The bolt of lightning misses the orc knight.
The bolt of lightning hits the orc priest.
The orc priest is moderately wounded.
You hear a shout! x4; You hear a roar!
The orc knight hits you from afar with a +3 halberd!
* * * LOW HITPOINT WARNING * * *
Aiming: Major Destruction (1% risk of failure)
Press: ? - help, Shift-Dir - straight line, f - orc warrior
Aim: an orc warrior, wielding a +0 halberd and wearing a +2 chain mail of cold resistance (strong)
The bolt of fire hits the orc knight!
The orc knight is severely wounded.
The bolt of fire hits the orc warrior!
The orc warrior is moderately wounded.
The orc knight hits you from afar with a +3 halberd!
You die...

..............................##
...............................#
..............................##
...............#..............###
...........................#....#
..........................#......
..........................#......
............ooo..................
..........#..o##@....)...........
.........###))###.).).))).......#
........## ##.)###....).)........
.......## ##))###....).........
......## ##).###............#
.....## ##oo###......#...##
....## ##)o###....))..## ...##
##o)###....)..# ..##
##))###..)...##


You could see an orc knight (corroded), an orc warrior (strong) and an orc
priest (strong).

Vanquished Creatures
  2 orc warlords (Orc:1)
  Snorg (D:12)
  2 hydras
  Fannar (D:11)
  3 vault guards (D:14)
  Erolcha (D:12)
  8 boulder beetles
  Erica (D:11)
  A centaur warrior (D:13)
  4 two-headed ogres
  4 shadow demons
  Pikel (D:8)
  A wizard (D:14)
  3 deep elf pyromancers
  6 ugly things
  4 cyclopes
  A manticore (D:12)
  An ice statue (D:11)
  2 unseen horrors
  A gargoyle (D:13)
  A yaktaur (D:14)
  A kobold demonologist (D:12)
  8 trolls
  A red devil (Orc:2)
  2 hornets (D:10)
  7 slime creatures (D:12)
  A raiju (shapeshifter) (D:14)
  12 shadows
  A wyvern (D:7)
  20 humans (D:14)
  4 wraiths
  4 yaks
  4 vampire mosquitoes (D:14)
  3 steam dragons (D:8)
  5 acid dragons
  3 wargs (Orc:1)
  2 water moccasins
  3 ice beasts
  26 orc warriors
  4 sky beasts
  2 black bears
  3 wolves (D:9)
  7 ogres
  12 centaurs
  A phantom (D:4)
  3 lemures (D:8)
  2 bullfrogs (D:7)
  A necrophage (D:5)
  3 scorpions
  A gnoll sergeant (D:12)
  19 wights
  8 killer bees
  9 howler monkeys
  5 electric eels
  7 hounds
  21 orc priests
  A gnoll shaman (Orc:1)
  A jelly (D:7)
  19 orc wizards
  4 iguanas
  Robin (D:3)
  8 gnolls
  5 adders
  2 shadow imps (D:8)
  A white imp (D:8)
  3 ufetubi
  A dart slug (D:4)
  73 orcs
  3 ball pythons
  4 endoplasms
  8 giant cockroaches
  15 goblins
  5 hobgoblins
  4 jackals
  4 kobolds
  A quokka (D:2)
  8 bats
  3 frilled lizards
  4 rats
442 creatures vanquished.

Vanquished Creatures (collateral kills)
  An ufetubus (D:4)
1 creature vanquished.

Vanquished Creatures (others)
  42 plants
42 creatures vanquished.

Grand Total: 485 creatures vanquished

Notes
Turn   | Place    | Note
-------+----------+-------------------------------------------
     0 | D:1      | Dabor the Palentonga Fighter began the quest for the Orb.
     0 | D:1      | Reached XP level 1. HP: 19/19 MP: 1/1
   339 | D:1      | Reached XP level 2. HP: 25/25 MP: 2/2
  1103 | D:2      | Reached XP level 3. HP: 31/31 MP: 3/3
  1529 | D:2      | Found a faded altar of an unknown god.
  2151 | D:2      | Prayed at the altar of an unknown god.
  2151 | D:2      | Became a worshipper of Dithmenos the Shadowed
  2151 | D:2      | Reached * piety under Dithmenos
  2152 | D:2      | Fell from the grace of Dithmenos
  2596 | D:3      | Found a burning altar of Makhleb.
  2627 | D:3      | Reached XP level 4. HP: 33/37 MP: 4/4
  2654 | D:3      | Became a worshipper of Makhleb the Destroyer
  2704 | D:3      | Found an iron altar of Okawaru.
  2813 | D:3      | Noticed Robin
  2820 | D:3      | Killed Robin
  3183 | D:4      | Noticed a scorpion
  3194 | D:3      | Killed a scorpion
  3195 | D:3      | Reached XP level 5. HP: 38/44 MP: 5/5
  3268 | D:4      | Noticed a black bear
  3475 | D:4      | Noticed a phantom
  3488 | D:4      | Killed a phantom
  3489 | D:4      | Reached XP level 6. HP: 45/51 MP: 6/6
  3507 | D:4      | Reached * piety under Makhleb
  3654 | D:4      | Gained mutation: You have large cloven feet. [potion of
                  | mutation]
  3654 | D:4      | Gained mutation: You can roll at foes to attack. [potion of
                  | mutation]
  3654 | D:4      | Gained mutation: You are partially covered in iridescent
                  | scales. (AC +2) [potion of mutation]
  3659 | D:4      | Identified a scroll of acquirement
  3659 | D:4      | Acquired the +6 lightning scales {swift, rElec}
  3659 | D:4      | Found the +6 lightning scales {swift, rElec}
  3666 | D:4      | Gained mutation: You curl defensively after being hit. (AC
                  | +7*) [Palentonga growth]
  3666 | D:4      | Reached XP level 7. HP: 15/58 MP: 7/7
  3804 | D:4      | Noticed a slime creature
  3804 | D:4      | Noticed a slime creature
  3804 | D:4      | Noticed a slime creature
  3804 | D:4      | Noticed a troll
  4336 | D:5      | Entered Level 5 of the Dungeon
  4336 | D:5      | Found Maxtatykh's General Store.
  4339 | D:5      | Bought a scroll of blinking for 105 gold pieces
  4341 | D:5      | Found Pefra's Distillery.
  4345 | D:5      | Found Tumes's Antique Weapon Emporium.
  4345 | D:5      | Found Jef Ber's Weapon Emporium.
  4348 | D:5      | Found Solujud's Antique Armour Emporium.
  4371 | D:5      | Bought a potion of curing for 30 gold pieces
  4371 | D:5      | Bought a potion of heal wounds for 50 gold pieces
  4414 | D:5      | Found a staircase to the Ecumenical Temple.
  4453 | D:5      | Found Bess's Mass Market.
  4498 | D:5      | Reached skill level 5 in Fighting
  4508 | D:5      | Found Vofocu's Antique Weapon Boutique.
  4910 | D:5      | Noticed a two-headed ogre
  4910 | D:5      | Noticed a troll
  4910 | D:5      | Noticed a seven-headed hydra
  5095 | D:6      | Noticed a shadow
  5095 | D:6      | Noticed a shadow
  5095 | D:6      | Noticed a shadow
  5095 | D:6      | Noticed a shadow
  5290 | D:7      | Noticed a shadow
  5290 | D:7      | Noticed a shadow
  5290 | D:7      | Noticed a shadow demon
  5303 | D:7      | Killed a shadow
  5314 | D:6      | Killed a shadow
  5316 | D:6      | Killed a shadow
  5328 | D:6      | Noticed a basilisk
  5328 | D:6      | Noticed a wraith
  5589 | D:5      | Noticed a shadow demon
  5589 | D:5      | Noticed a shadow demon
  5589 | D:5      | Noticed a shadow
  5589 | D:5      | Noticed a shadow
  5611 | D:7      | Killed a shadow demon
  5621 | D:7      | Killed a shadow demon
  5625 | D:7      | Killed a shadow
  5635 | D:7      | Killed a shadow
  5697 | D:6      | Killed a shadow
  5717 | D:6      | Found a sacrificial altar of Ru.
  5905 | D:6      | Reached skill level 5 in Axes
  5905 | D:6      | Reached XP level 8. HP: 66/67 MP: 8/8
  5960 | D:6      | Was forgiven by Dithmenos
  5961 | D:6      | Noticed a shadow demon
  5980 | D:6      | Reached skill level 5 in Armour
  5980 | D:6      | Reached skill level 5 in Shields
  5995 | D:6      | Killed a shadow demon
  6789 | D:6      | Found an ornate altar of the Wu Jian Council.
  6981 | D:7      | Reached XP level 9. HP: 70/75 MP: 9/9
  7005 | D:7      | Identified the +8 war axe "Leppoz" {flame, rCorr Str+4}
  7013 | D:7      | Reached ** piety under Makhleb
  7516 | D:7      | Found an opulent altar of Gozag.
  7681 | D:8      | Noticed a two-headed ogre
  7692 | D:7      | Killed a two-headed ogre
  7693 | D:7      | Reached skill level 1 in Dodging
  7693 | D:7      | Reached skill level 1 in Invocations
  7803 | D:8      | Reached XP level 10. HP: 76/85 MP: 11/11
  7866 | D:8      | You fall into a shaft and drop 3 floors!
  7900 | D:11     | Identified the +8 war axe "Deadext" {vorpal, rC+ rCorr}
  7958 | D:11     | Noticed a white ugly thing
  7971 | D:11     | Killed a white ugly thing
  7971 | D:11     | Reached *** piety under Makhleb
  8159 | D:11     | Noticed Fannar
  8162 | D:11     | Killed Fannar
  8365 | D:11     | Noticed an ice statue
  8480 | D:11     | Killed an ice statue
  8640 | D:11     | Noticed Erica
  8647 | D:11     | Killed Erica
  8844 | D:12     | Noticed Erolcha
  8844 | D:12     | Noticed a boulder beetle
  8860 | D:10     | Entered Level 10 of the Dungeon
  8892 | D:10     | Found a glowing golden altar of the Shining One.
  8917 | D:10     | Found a staircase to the Orcish Mines.
  9046 | D:10     | Noticed a five-headed hydra
  9051 | D:10     | Killed a two-headed hydra
  9052 | D:10     | Reached XP level 11. HP: 93/95 MP: 12/14
  9388 | D:10     | Found a radiant altar of Vehumet.
  9604 | D:10     | Found Hown's Antique Armour Shoppe.
  9609 | D:10     | Bought a spiked tower shield for 180 gold pieces
  9609 | D:10     | Identified the +8 tower shield "Fadikio" {rPois} (You
                  | bought it in a shop on level 10 of the Dungeon)
  9905 | D:9      | Found a staircase to the Lair.
  9929 | D:9      | Reached **** piety under Makhleb
 10095 | D:9      | Found a sparkling altar of Nemelex Xobeh.
 10421 | D:8      | Paralysed by a centaur for 5 turns
 10433 | D:8      | Found a snail-covered altar of Cheibriados.
 10484 | D:8      | Got Magic, Part Two
 10619 | D:8      | Reached skill level 5 in Invocations
 10642 | D:8      | Reached skill level 10 in Fighting
 10763 | D:8      | Lost mutation: You are partially covered in iridescent
                  | scales. (AC +2) [potion of mutation]
 10763 | D:8      | Lost mutation: You can roll at foes to attack. [potion of
                  | mutation]
 10763 | D:8      | Lost mutation: You have large cloven feet. [potion of
                  | mutation]
 10763 | D:8      | Gained mutation: You possess an exceptional clarity of
                  | mind. [potion of mutation]
 10764 | D:8      | Lost mutation: You possess an exceptional clarity of mind.
                  | [potion of mutation]
 10764 | D:8      | Gained mutation: You are frail. (-10% HP) [potion of
                  | mutation]
 10764 | D:8      | Gained mutation: You occasionally shout uncontrollably at
                  | your foes. [potion of mutation]
 10764 | D:8      | Gained mutation: You are very frail. (-20% HP) [potion of
                  | mutation]
 10765 | D:8      | Lost mutation: You occasionally shout uncontrollably at
                  | your foes. [potion of mutation]
 10765 | D:8      | Lost mutation: You are very frail. (-20% HP) [potion of
                  | mutation]
 10765 | D:8      | Gained mutation: Your body sometimes deteriorates upon
                  | taking damage. [potion of mutation]
 10765 | D:8      | Gained mutation: Your flesh is cold resistant. (rC+)
                  | [potion of mutation]
 10766 | D:8      | Lost mutation: You are frail. (-10% HP) [potion of
                  | mutation]
 10766 | D:8      | Lost mutation: Your flesh is cold resistant. (rC+) [potion
                  | of mutation]
 10766 | D:8      | Lost mutation: Your body sometimes deteriorates upon taking
                  | damage. [potion of mutation]
 10766 | D:8      | Gained mutation: You tend to lose your temper in combat.
                  | [potion of mutation]
 10766 | D:8      | Gained mutation: You have sharp toenails. [potion of
                  | mutation]
 10839 | D:8      | Reached ***** piety under Makhleb
 11056 | D:8      | Noticed Pikel
 11067 | D:8      | Killed Pikel
 11352 | D:5      | Killed a shadow demon
 11656 | D:12     | Reached skill level 10 in Axes
 11683 | D:12     | Noticed a deep elf pyromancer
 11697 | D:12     | Killed a deep elf pyromancer
 11713 | D:12     | Killed Erolcha
 11724 | D:12     | Noticed a two-headed ogre
 11726 | D:12     | Killed a boulder beetle
 11728 | D:12     | Killed a two-headed ogre
 11738 | D:12     | Reached XP level 12. HP: 40/104 MP: 16/16
 11742 | D:12     | Reached skill level 1 in Evocations
 11927 | D:12     | Noticed a boulder beetle
 11929 | D:12     | Noticed Snorg
 11941 | D:12     | Killed Snorg
 11945 | D:12     | Killed a boulder beetle
 12209 | D:12     | Found an opulent altar of Gozag.
 12418 | D:12     | Noticed a boulder beetle
 12424 | D:12     | Killed a boulder beetle
 12795 | D:13     | Noticed a boulder beetle
 12802 | D:13     | Noticed a two-headed ogre
 12830 | D:13     | Killed a two-headed ogre
 12835 | D:13     | Killed a boulder beetle
 12856 | D:13     | Noticed a boulder beetle
 12871 | D:13     | Killed a boulder beetle
 12882 | D:13     | Noticed a boulder beetle
 12897 | D:13     | Killed a boulder beetle
 12902 | D:13     | Noticed a centaur warrior
 12913 | D:13     | Killed a centaur warrior
 13030 | D:13     | Found the +8 longbow "Zephyr" {speed, Dex+3 SInv}
 13081 | D:13     | Found Qegrarau's Antique Armour Shop.
 13196 | D:13     | Noticed a boulder beetle
 13199 | D:13     | Killed a boulder beetle
 13646 | D:14     | Reached XP level 13. HP: 114/114 MP: 19/19
 13647 | D:14     | Identified the +4 rapier of Classification {speed, *Corrode
                  | +Blink rPois Int+5}
 13800 | D:14     | Reached ****** piety under Makhleb
 13811 | D:14     | Found a gate to the Vaults.
 14450 | Orc:1    | Entered Level 1 of the Orcish Mines
 14461 | Orc:1    | Noticed an orc warlord
 14481 | Orc:1    | Killed an orc warlord
 14483 | Orc:1    | HP: 2/116 [orc warrior/+0 halberd[an orc warlord] (6)]
 15032 | Orc:2    | Entered Level 2 of the Orcish Mines
 15192 | Orc:1    | Noticed an orc warlord
 15217 | Orc:1    | Killed an orc warlord
 15634 | Orc:2    | Found a runed translucent gate.
 15637 | Orc:2    | Found a runed translucent gate.
 15637 | Orc:2    | Found a runed translucent gate.
 15638 | Orc:2    | Found an opulent altar of Gozag.
 15639 | Orc:2    | Found Lipeo's Assorted Antiques.
 15639 | Orc:2    | Noticed P0WERM0DE's ghost (journeyman DDCK)
 15722 | Orc:2    | Reached skill level 10 in Invocations
 16054 | Orc:2    | Found a staircase to the Elven Halls.
 16166 | Orc:2    | Found Nuploami's Distillery.
 16167 | Orc:2    | Found Meusarph's Magic Scroll Shop.
 16195 | Orc:2    | Slain by an orc knight

Illustrated notes

Levels and vault maps discovered:
D:1:      dpeg_arrival_signposts, layout_loops_ring,
          amcnicky_mini_corridor_feature, chequers_jeans, hex_large
D:2:      wander_river, layout_loops_corners, serial_bayou,
          serial_bayou_lagoon_b, serial_bayou_pond_c, serial_bayou_lagoon_a,
          serial_bayou_pond_d, shapermc_ecumenical_altar_venn, minivault_24,
          minmay_worlds_worst_comb
D:3:      layout_loops_cross, lightli_temple_of_fire, okawaru_ov_weapons_minmay,
          uniq_robin
D:4:      layout_cave_pools
D:5:      layout_cave_pools, minmay_temple_entry_fiery, serial_shops, shop,
          minmay_shop_mass, minmay_shop_grid_forest, nicolae_stop_n_shop_2,
          hangedman_decor_points, nicolae_elevator_lobby_plus
D:6:      black_bear_nest_1, layout_gridville, mainiacjoe_overflow_brackets,
          mainiacjoe_overflow_paths
D:7:      layout_basic, kennysheep_mini_moat
D:8:      minmay_recursive_quarters, layout_basic,
          nicolae_overflow_crystal_walls, serial_bayou, serial_bayou_shore_b,
          serial_bayou_pond_e, serial_bayou_pond_b, serial_bayou_pond_a,
          serial_bayou_crossing, hangedman_decor_growths, uniq_pikel
D:9:      layout_basic, nemelex_diamond_rough_becter, erik_lair_island
D:10:     layout_roguey, tso_altar, nicolae_vehumet_radiance, serial_shops, shop
D:11:     layout_basic, minivault_16, uniq_fannar, uniq_erica
D:12:     layout_long_grid, grunt_gozag_breadcrumbs, uniq_snorg, uniq_erolcha
D:13:     layout_cross, serial_shops,
          nicolae_shop_temple_entry_statues_fountains
D:14:     layout_gridville, grunt_vaults_entry_tiered, gauntlet_entry_generic,
          minmay_staircase_bubble
Orc:1:    layout_caves, david_defended_altar_orc
Orc:2:    pf_orc_diabolical, layout_diamond_mine, ebering_ghost_gozag

Skill      XL: |  1  2  3  4  5  6  7  8  9 10 11 12 13 |
---------------+----------------------------------------+-----
Armour         | 3 4 5 6 7 8 |  8.8
Shields        | 3 4 5 6 7 8 |  8.7
Axes           | 3 4 5 6 7 9 10 11 12 | 12.3
Fighting       | 4 5 6 7 9 10 11 12 | 12.5
Dodging        | 1 |  1.3
Invocations    | 1 4 6 8 10 | 10.0
Evocations     | 3 4 |  4.4

Action                   |  1- 3 |  4- 6 |  7- 9 | 10-12 | 13-15 || total
-------------------------+-------+-------+-------+-------+-------++-------
Melee: War axe           |   147 |    82 |   265 |   376 |   266 ||  1136
       Tailslap          |    15 |     7 |    50 |    67 |    39 ||   178
       Kick              |       |       |    79 |    62 |       ||   141
Invok: Renounce Religion |     1 |       |       |       |       ||     1
       Major Destruction |       |       |       |     1 |     5 ||     6
 Abil: Rolling Charge    |       |     1 |     1 |    52 |     2 ||    56
Evoke: Wand              |       |       |       |     1 |       ||     1
  Use: Potion            |       |     4 |     1 |     4 |       ||     9
       Scroll            |       |     5 |     2 |     4 |       ||    11
Armor: Scale mail        |    34 |       |       |       |       ||    34
       Chain mail        |    35 |    56 |   217 |   250 |   145 ||   703
       Skin              |       |    37 |       |       |       ||    37
Dodge: Dodged            |    63 |    58 |   106 |    42 |    19 ||   288
Block: Buckler           |    19 |    22 |    70 |    33 |       ||   144
       Tower shield      |       |       |       |   306 |   333 ||   639

Table legend: (Time is in decaauts)
 A = Elapsed time spent in this place.
 B = Non-inter-level travel time spent in this place.
 C = Inter-level travel time spent in this place.
 D = Time resting spent in this place.
 E = Time spent auto-exploring this place.
 F = Levels seen in this place.
 G = Mean time per level.
                   A        B        C        D        E       F      G
               +--------+--------+--------+--------+--------+-----+--------+
         Total |  15906 |  14994 |    912 |   2250 |   9168 |  16 |  994.1 |
       Dungeon |  14547 |  13697 |    850 |   2082 |   8521 |  14 | 1039.1 |
  Orcish Mines |   1359 |   1297 |     62 |    168 |    646 |   2 |  679.5 |
               +--------+--------+--------+--------+--------+-----+--------+

Top non-repeatable levels by time:
     D:2: 1529 daAuts
     D:6: 1274 daAuts
     D:7: 1215 daAuts
    D:10: 1182 daAuts
     D:3: 1157 daAuts
    D:12: 1106 daAuts
     D:5: 1024 daAuts
    D:11: 984 daAuts
     D:8: 960 daAuts
     D:1: 937 daAuts
    D:14: 923 daAuts
     D:4: 900 daAuts
   Orc:1: 722 daAuts
     D:9: 693 daAuts
    D:13: 657 daAuts
